[ AOE2 MATCH · #464591067 ]
1v1 RMByzantines vs Dravidians
Rival team · LOSS
[ REPLAY ANALYSIS · EXTRACTED FROM THE RECORDED GAME ]
Feudal
9:18
Castle
21:41
Imperial
39:23
| APM avg | 33.0 |
| APM peak | 76 |
| eAPM avg | 17.1 |
| Villagers / military | 118 / 177 |
Focus
⚔️ 22.7% · 🌾 77.3%
Camel Scout ×98 · Spearman ×59 · Skirmisher ×17 · Monk ×3
Feudal
13:05
Castle
22:29
Imperial
41:14
| APM avg | 26.7 |
| APM peak | 166 |
| eAPM avg | 21.1 |
| Villagers / military | 73 / 90 |
Focus
⚔️ 13.2% · 🌾 86.8%
Battle Elephant ×38 · Elephant Archer ×16 · Spearman ×11 · Urumi Swordsman ×10 · Monk ×8 · Trebuchet (Packed) ×4
Match map
Initial resources + every placement click. Lines = walls · curves = elevation contours. ◆ gold · ⬟ stone · ● berries · ✦ relic · ◌ wall gap
Your base· Open — 1t gap
Jez's base· Open — unwalled flank
Smoothed initial terrain · ◌ = detected wall gap · hover for details
Inputs per minute
— Bandeclay com Tchélvis da Silva - - Jez
Build order — Bandeclay com Tchélvis da Silva
First 150 of 346 actions detected
| 0:00 | Create | Villager (Male) |
| 0:01 | Create | Villager (Male) |
| 0:01 | Create | Villager (Male) |
| 0:02 | Build | House |
| 0:05 | Build | House |
| 0:28 | Create | Villager (Male) |
| 1:34 | Create | Villager (Male) |
| 1:44 | Build | Lumber Camp |
| 2:00 | Create | Villager (Male) |
| 2:32 | Create | Villager (Male) |
| 2:58 | Create | Villager (Male) |
| 3:03 | Create | Villager (Male) |
| 3:38 | Build | House |
| 3:45 | Create | Villager (Male) |
| 4:02 | Build | Mill |
| 4:13 | Create | Villager (Male) |
| 4:34 | Create | Villager (Male) |
| 4:54 | Create | Villager (Male) |
| 4:55 | Create | Villager (Male) |
| 5:33 | Create | Villager (Male) |
| 6:11 | Create | Villager (Male) |
| 6:16 | Research | Loom |
| 7:08 | Research | Feudal Age |
| 8:05 | Build | Barracks |
| 8:44 | Build | Palisade Wall |
| 8:49 | Build | House |
| 9:18 | Age | Feudal Age |
| 9:28 | Build | House |
| 9:33 | Create | Villager (Male) |
| 9:33 | Create | Villager (Male) |
| 9:38 | Create | Villager (Male) |
| 9:53 | Build | Archery Range |
| 9:55 | Create | Villager (Male) |
| 10:03 | Create | Villager (Male) |
| 10:15 | Create | Spearman |
| 10:16 | Create | Spearman |
| 10:21 | Build | House |
| 10:35 | Build | Farm |
| 10:37 | Build | Farm |
| 10:40 | Create | Villager (Male) |
| 10:55 | Build | Palisade Wall |
| 10:58 | Create | Skirmisher |
| 10:58 | Create | Skirmisher |
| 10:59 | Create | Villager (Male) |
| 11:05 | Build | Farm |
| 11:09 | Build | Farm |
| 11:18 | Build | Palisade Wall |
| 11:24 | Build | House |
| 11:25 | Build | House |
| 11:37 | Create | Skirmisher |
| 11:42 | Create | Spearman |
| 11:55 | Build | House |
| 11:57 | Build | House |
| 12:01 | Create | Skirmisher |
| 12:01 | Create | Skirmisher |
| 12:05 | Create | Spearman ×3 |
| 12:13 | Create | Villager (Male) |
| 12:24 | Research | Double-Bit Axe |
| 12:45 | Build | House |
| 12:45 | Create | Villager (Male) |
| 12:53 | Build | Farm |
| 12:56 | Build | Mining Camp |
| 13:00 | Build | Farm |
| 13:25 | Build | Palisade Wall |
| 13:27 | Create | Villager (Male) |
| 13:27 | Create | Villager (Male) |
| 13:35 | Build | Farm |
| 13:38 | Build | Farm |
| 13:42 | Build | Farm |
| 13:50 | Create | Spearman |
| 13:50 | Create | Spearman |
| 13:54 | Create | Skirmisher |
| 13:54 | Create | Skirmisher |
| 14:00 | Build | Farm |
| 14:26 | Create | Villager (Male) |
| 14:26 | Create | Villager (Male) |
| 14:29 | Build | Farm |
| 14:35 | Build | Farm |
| 14:42 | Research | Horse Collar |
| 14:54 | Create | Villager (Male) |
| 15:02 | Build | Farm |
| 15:05 | Build | Farm |
| 15:18 | Create | Villager (Male) |
| 15:22 | Build | Farm |
| 15:26 | Create | Skirmisher |
| 15:27 | Create | Skirmisher |
| 15:36 | Build | House |
| 15:44 | Create | Villager (Male) |
| 16:01 | Build | Farm |
| 16:14 | Build | Palisade Wall |
| 16:29 | Build | Farm |
| 16:30 | Create | Villager (Male) |
| 16:35 | Build | Farm |
| 16:43 | Create | Villager (Male) |
| 16:54 | Create | Villager (Male) |
| 17:05 | Build | House |
| 17:08 | Create | Villager (Male) |
| 17:16 | Build | House |
| 17:17 | Build | House |
| 17:20 | Create | Villager (Male) |
| 17:30 | Build | Blacksmith |
| 17:33 | Create | Villager (Male) |
| 17:47 | Create | Villager (Male) |
| 17:50 | Build | House |
| 17:56 | Create | Villager (Male) |
| 18:14 | Build | Farm |
| 18:28 | Build | House |
| 18:48 | Build | Farm |
| 18:51 | Research | Castle Age |
| 19:18 | Build | House |
| 19:49 | Research | Padded Archer Armor |
| 19:50 | Research | Scale Mail Armor |
| 19:54 | Build | House |
| 20:03 | Build | Palisade Gate |
| 20:19 | Build | Lumber Camp |
| 20:35 | Build | Farm |
| 20:48 | Create | Skirmisher |
| 20:48 | Create | Skirmisher |
| 20:48 | Create | Skirmisher |
| 20:55 | Create | Spearman |
| 20:55 | Create | Spearman |
| 20:55 | Create | Spearman |
| 21:18 | Build | Farm |
| 21:22 | Create | Villager (Male) |
| 21:22 | Create | Villager (Male) |
| 21:41 | Age | Castle Age |
| 21:51 | Create | Villager (Male) |
| 22:12 | Build | Town Center |
| 22:15 | Create | Villager (Male) |
| 22:35 | Create | Villager (Male) |
| 22:47 | Research | Bow Saw |
| 22:58 | Create | Villager (Male) |
| 23:28 | Create | Villager (Male) |
| 23:28 | Create | Villager (Male) |
| 23:41 | Create | Villager (Male) |
| 23:49 | Build | Farm |
| 24:01 | Create | Villager (Male) |
| 24:05 | Create | Villager (Male) |
| 24:12 | Research | Elite Skirmisher (upgrade) |
| 24:18 | Research | Pikeman (upgrade) |
| 24:19 | Research | Squires |
| 24:26 | Build | Farm |
| 24:37 | Create | Villager (Male) |
| 24:39 | Create | Villager (Male) |
| 24:41 | Create | Villager (Male) |
| 24:52 | Research | Leather Archer Armor |
| 24:53 | Research | Chain Mail Armor |
| 25:02 | Create | Villager (Male) |
| 25:09 | Create | Villager (Male) |
| 25:11 | Create | Villager (Male) |
Build order — Jez
First 150 of 248 actions detected
| 0:10 | Create | Villager (Male) |
| 0:11 | Create | Villager (Male) |
| 0:11 | Create | Villager (Male) |
| 0:11 | Create | Villager (Male) |
| 0:11 | Create | Villager (Male) |
| 0:16 | Build | House |
| 0:17 | Build | House |
| 1:24 | Create | Villager (Male) |
| 2:26 | Create | Villager (Male) |
| 2:27 | Create | Villager (Male) |
| 3:07 | Build | Lumber Camp |
| 3:19 | Create | Villager (Male) |
| 3:19 | Create | Villager (Male) |
| 3:19 | Create | Villager (Male) |
| 3:57 | Create | Villager (Male) |
| 3:57 | Create | Villager (Male) |
| 3:57 | Create | Villager (Male) |
| 3:57 | Create | Villager (Male) |
| 4:14 | Build | House |
| 5:21 | Create | Villager (Male) |
| 5:21 | Create | Villager (Male) |
| 5:22 | Create | Villager (Male) |
| 5:22 | Create | Villager (Male) |
| 5:50 | Build | Mill |
| 6:58 | Create | Villager (Male) |
| 7:19 | Create | Villager (Male) |
| 7:27 | Build | House |
| 7:59 | Build | Mining Camp |
| 8:49 | Create | Villager (Male) |
| 8:50 | Create | Villager (Male) |
| 8:50 | Create | Villager (Male) |
| 8:50 | Create | Villager (Male) |
| 8:50 | Create | Villager (Male) |
| 9:12 | Build | Mining Camp |
| 10:43 | Research | Feudal Age |
| 13:05 | Age | Feudal Age |
| 13:06 | Research | Wheelbarrow |
| 13:08 | Research | Double-Bit Axe |
| 13:10 | Research | Horse Collar |
| 13:15 | Create | Villager (Male) |
| 13:16 | Create | Villager (Male) |
| 13:16 | Create | Villager (Male) |
| 13:16 | Create | Villager (Male) |
| 13:28 | Build | Farm |
| 13:30 | Build | Farm |
| 13:31 | Build | Farm |
| 13:32 | Build | Farm |
| 13:34 | Build | Farm |
| 13:35 | Build | Farm |
| 13:36 | Build | Farm |
| 13:37 | Build | Farm |
| 13:38 | Build | Farm |
| 13:39 | Build | Farm |
| 13:40 | Build | Farm |
| 13:45 | Build | Farm |
| 14:37 | Build | House |
| 14:43 | Build | Farm |
| 15:13 | Build | House |
| 16:11 | Build | Farm |
| 16:48 | Build | Barracks |
| 17:06 | Research | Gold Mining |
| 17:45 | Build | Stable |
| 17:53 | Create | Villager (Male) |
| 17:54 | Create | Villager (Male) |
| 17:54 | Create | Villager (Male) |
| 17:54 | Create | Villager (Male) |
| 18:23 | Build | Farm |
| 18:54 | Build | Archery Range |
| 19:49 | Research | Castle Age |
| 19:50 | Research | Castle Age |
| 20:07 | Build | Stable |
| 21:18 | Build | Blacksmith |
| 22:21 | Build | House |
| 22:22 | Build | House |
| 22:23 | Build | House |
| 22:24 | Build | House |
| 22:24 | Build | House |
| 22:25 | Build | House |
| 22:26 | Build | House |
| 22:27 | Build | House |
| 22:29 | Age | Castle Age |
| 22:43 | Create | Battle Elephant |
| 22:44 | Create | Battle Elephant |
| 22:45 | Create | Battle Elephant |
| 22:45 | Create | Battle Elephant |
| 22:46 | Create | Battle Elephant |
| 22:47 | Create | Battle Elephant |
| 22:52 | Create | Battle Elephant |
| 22:52 | Create | Battle Elephant |
| 22:56 | Research | Bow Saw |
| 23:01 | Build | Town Center |
| 23:04 | Research | Heavy Plow |
| 23:08 | Research | Stone Mining |
| 23:21 | Research | Forging |
| 24:22 | Research | Hand Cart |
| 24:29 | Create | Battle Elephant |
| 25:19 | Build | Castle |
| 25:44 | Create | Villager (Male) |
| 25:44 | Create | Villager (Male) |
| 25:44 | Create | Villager (Male) |
| 25:44 | Create | Villager (Male) |
| 25:45 | Create | Villager (Male) |
| 25:45 | Create | Villager (Male) |
| 25:45 | Create | Villager (Male) |
| 26:11 | Build | Farm |
| 26:14 | Create | Villager (Male) |
| 26:14 | Create | Villager (Male) |
| 26:14 | Create | Villager (Male) |
| 26:14 | Create | Villager (Male) |
| 26:15 | Create | Villager (Male) |
| 26:15 | Create | Villager (Male) |
| 28:35 | Create | Villager (Male) |
| 28:35 | Create | Villager (Male) |
| 28:36 | Create | Villager (Male) |
| 28:44 | Build | Farm |
| 28:48 | Create | Urumi Swordsman |
| 28:48 | Create | Urumi Swordsman |
| 28:49 | Create | Urumi Swordsman |
| 28:49 | Create | Urumi Swordsman |
| 28:49 | Create | Urumi Swordsman |
| 28:49 | Create | Urumi Swordsman |
| 28:50 | Create | Urumi Swordsman |
| 28:50 | Create | Urumi Swordsman |
| 28:50 | Create | Urumi Swordsman |
| 28:50 | Create | Urumi Swordsman |
| 29:12 | Research | Fletching |
| 29:21 | Create | Villager (Male) |
| 29:21 | Create | Villager (Male) |
| 29:54 | Create | Battle Elephant |
| 29:54 | Create | Battle Elephant |
| 29:54 | Create | Battle Elephant |
| 30:23 | Build | Farm |
| 30:27 | Build | Farm |
| 30:31 | Build | Farm |
| 30:35 | Build | Farm |
| 31:15 | Create | Elephant Archer |
| 31:15 | Create | Elephant Archer |
| 31:15 | Create | Elephant Archer |
| 31:15 | Create | Elephant Archer |
| 31:15 | Create | Elephant Archer |
| 31:16 | Create | Elephant Archer |
| 31:16 | Create | Elephant Archer |
| 31:16 | Create | Elephant Archer |
| 31:20 | Create | Battle Elephant |
| 31:20 | Create | Battle Elephant |
| 31:20 | Create | Battle Elephant |
| 31:20 | Create | Battle Elephant |
| 32:39 | Research | Iron Casting |
| 32:39 | Research | Bodkin Arrow |
| 33:10 | Create | Villager (Male) |
Match timeline
| 8:05 | Bandeclay com Tchélvis da Silva · first_building Barracks |
| 8:44 | Bandeclay com Tchélvis da Silva · wall_segment Palisade Wall x6 |
| 9:18 | Bandeclay com Tchélvis da Silva · age_up feudal |
| 9:53 | Bandeclay com Tchélvis da Silva · first_building Archery Range |
| 10:55 | Bandeclay com Tchélvis da Silva · wall_segment Palisade Wall x4 |
| 11:18 | Bandeclay com Tchélvis da Silva · wall_segment Palisade Wall x4 |
| 13:05 | Jez · age_up feudal |
| 13:25 | Bandeclay com Tchélvis da Silva · wall_segment Palisade Wall x8 |
| 16:14 | Bandeclay com Tchélvis da Silva · wall_segment Palisade Wall x13 |
| 16:48 | Jez · first_building Barracks |
| 17:45 | Jez · first_building Stable |
| 18:54 | Jez · first_building Archery Range |
| 21:41 | Bandeclay com Tchélvis da Silva · age_up castle |
| 22:29 | Jez · age_up castle |
| 25:19 | Jez · first_building Castle |
| 26:53 | Bandeclay com Tchélvis da Silva · first_building Stable |
| 31:05 | Bandeclay com Tchélvis da Silva · first_building Monastery |
| 33:36 | Jez · first_building Siege Workshop |
| 38:49 | Jez · first_building Monastery |
| 39:23 | Bandeclay com Tchélvis da Silva · age_up imperial |
| 41:14 | Jez · age_up imperial |
| 42:28 | Bandeclay com Tchélvis da Silva · first_building Castle |
| 46:59 | Jez · resign |
[ AI ANALYSIS · 1 CREDIT ]
What really happened in this match?
Wolo.gg analyzes every decision: build order, eco, micro, common mistakes by bracket. Personalized analysis on WhatsApp or Discord in 30 seconds.
Civ guide
Byzantines
Map guide
Arabia
Perfil
Jugador #11395345